 Dungeon Crawl Stone Soup version 0.24.1-14-gf8d2b509d9 (console) character file.

Game seed: 12554461428106236698, levelgen mode: deterministic

25 Kagalorn the Covered (level 3, -3/28 HPs)
             Began as a Gnoll Wanderer on Nov 30, 2020.
             Slain by a worm (6 damage)
             ... on level 1 of the Dungeon.
             The game lasted 00:02:38 (1565 turns).

Kagalorn the Covered (Gnoll Wanderer)               Turns: 1565, Time: 00:02:39

Health: -3/28      AC:  7    Str: 15    XL:     3   Next: 6%
Magic:  3/3        EV: 10    Int: 14    God:
Gold:   73         SH:  0    Dex: 14    Spells: 3/3 levels left

rFire    . . .     SeeInvis .   p - -3 spear (curse)
rCold    . . .     Gourm    .   (no shield)
rNeg     . . .     Faith    .   c - +0 ring mail
rPois    .         Spirit   .   (no helmet)
rElec    .         Reflect  .   (no cloak)
rCorr    .         Harm     .   (no gloves)
MR       .....                  k - +0 pair of boots
Stlth    +.........             (no amulet)
HPRegen  0.09/turn              (no ring)
MPRegen  0.08/turn              (no ring)

@: no status effects
A: distributed training, fangs 1, strong nose
a: no special abilities


You were on level 1 of the Dungeon.
You were very hungry.

You visited 1 branch of the dungeon, and saw 2 of its levels.

You collected 73 gold pieces.

Inventory:

Hand Weapons
 b - a +2 shortbow
 p - a cursed -3 spear (weapon)
Missiles
 a - 22 arrows
 r - 21 stones (quivered)
Armour
 c - a +0 ring mail (worn)
 k - a +0 pair of boots (worn)
Scrolls
 e - a scroll of teleportation {unknown}
 g - a scroll of fog {unknown}
 h - 2 scrolls of identify {unknown}
 j - a scroll of amnesia {unknown}
 m - a scroll of enchant armour {unknown}
 o - a scroll of immolation {unknown}
Potions
 d - a potion of lignification
 i - a potion of invisibility {unknown}
 l - a potion of curing {unknown}
 q - a potion of magic {unknown}
Comestibles
 f - a ration


   Skills:
 + Level 2.5 Fighting
 + Level 0.5 Short Blades
 + Level 0.5 Long Blades
 + Level 4.5 Axes
 + Level 0.5 Maces & Flails
 + Level 0.5 Polearms
 + Level 0.5 Staves
 + Level 0.5 Slings
 + Level 4.5 Bows
 + Level 0.5 Crossbows
 + Level 2.5 Throwing
 + Level 6.5 Armour
 + Level 0.5 Dodging
 + Level 2.3 Stealth
 + Level 0.5 Shields
 + Level 0.5 Unarmed Combat
 + Level 0.5 Spellcasting
 + Level 0.4 Conjurations
 + Level 0.4 Hexes
 + Level 0.4 Charms
 + Level 0.4 Summonings
 + Level 0.4 Necromancy
 + Level 0.4 Translocations
 + Level 0.4 Transmutations
 + Level 0.4 Fire Magic
 + Level 0.4 Ice Magic
 + Level 0.4 Air Magic
 + Level 0.4 Earth Magic
 + Level 0.4 Poison Magic
 + Level 0.7 Invocations
 + Level 0.5 Evocations


You had 3 spell levels left.
You didn't know any spells.
Your spell library was empty.

Dungeon Overview and Level Annotations

Branches:
Dungeon (2/15)

Altars:


Innate Abilities, Weirdness & Mutations

Your experience applies equally to all skills.
You have very sharp teeth.
Your uncanny sense of smell can sniff out nearby items.


Message History

You are too injured to fight recklessly!
You hit the kobold.
You kill the kobold!
You hit the worm but do no damage. The worm barely misses you.
You hit the worm but do no damage. You hit the worm.
The worm is lightly wounded.
The worm bites you!
You barely miss the worm. You bite the worm, but do no damage.
The worm bites you.
You hit the worm.
The worm is lightly wounded.
You hit the worm but do no damage.
The worm is lightly wounded.
The worm bites you.
* * * LOW HITPOINT WARNING * * *
You hit the worm. Your bite misses the worm.
The worm is moderately wounded.
The worm bites you.
You die...

.##...........................#
.....†...#####....)...........#
###..................#........#
###########.................###
#......####.....#....
#.###.#####.....###.. #.#
#.........### ##.
#.###.######### #. #.>w@.# #.
#.##################.
#....................
#####################


You could see a worm.

Vanquished Creatures
  A dart slug (D:1)
  A leopard gecko (D:1)
  A ball python (D:1)
  3 bats (D:1)
  A giant cockroach (D:1)
  2 hobgoblins (D:1)
  5 kobolds (D:1)
  A frilled lizard (D:1)
  5 goblins (D:1)
20 creatures vanquished.

Notes
Turn   | Place    | Note
-------+----------+-------------------------------------------
     0 | D:1      | Kagalorn the Gnoll Wanderer began the quest for the Orb.
     0 | D:1      | Kagalorn set off with the following items: a +2 shortbow,
                  | 22 arrows, a +0 ring mail, a potion of lignification, a
                  | ration
     0 | D:1      | Reached XP level 1. HP: 17/17 MP: 1/1
   498 | D:1      | Reached XP level 2. HP: 23/23 MP: 2/2
   755 | D:1      | HP: 1/23 [kobold/+0 short sword (6)]
  1323 | D:1      | Reached XP level 3. HP: 23/28 MP: 3/3
  1565 | D:1      | Slain by a worm

Levels and vault maps discovered:
D:1:      wheals_arrival_linesprint, layout_loops_ring, roderic_roman_lattice
D:2:      layout_basic, lemuel_tele_altar

Action                   || total
-------------------------++-------
Melee: Unarmed           ||    57
       Bite              ||    15
       Spear             ||   118
 Fire: Shortbow          ||     4
 Stab: Sleeping          ||     1
  Eat: Chunk             ||     1
Armor: Ring mail         ||    58
Dodge: Dodged            ||    92
